 Dungeon Crawl Stone Soup version 0.31.0-32-g396128a36d (webtiles) character file.

Game seed: 18357915849842664159

931 Rwicked the Sneak (level 8, 0/37 (42) HPs)
             Began as a Vine Stalker Brigand on Mar 29, 2024.
             Slain by a wight
             ... wielding a +3 spear
              (10 damage)
             ... on level 7 of the Dungeon.
             The game lasted 00:18:33 (4441 turns).

Rwicked the Sneak (Vine Stalker Brigand)            Turns: 4441, Time: 00:18:34

HP:   0/37 (42)     AC:  4    Str: 14    XL:     8   Next: 11%
MP:   0/9           EV: 13    Int: 11    God:
Gold: 44            SH:  0    Dex: 18    Spells: 7/7 levels left

rFire   . . .        a - +2 dagger
rCold   . . .        (no shield)
rNeg    . . .        b - +0 robe
rPois   .            (no helmet)
rElec   .            c - +1 cloak
rCorr   .            (no gloves)
SInv    .            (no boots)
Will    +....        (no amulet)
Stlth   ++++         (no ring)
HPRegen 1.06/turn    (no ring)
MPRegen 0.11/turn

%: guardian spirit
@: about to teleport, heavily drained
A: fangs 3, regeneration 1, magic shield, antimagic bite, no potion heal 2
a: no special abilities


You were on level 7 of the Dungeon.
You visited 1 branch of the dungeon, and saw 7 of its levels.

You collected 177 gold pieces.
You spent 133 gold pieces at shops.

Inventory:

Hand Weapons
 a - a +2 dagger (weapon)
Missiles
 d - 13 poisoned darts
 e - 2 curare-tipped darts (quivered)
 k - 3 throwing nets
Armour
 b - a +0 robe (worn)
 c - a +1 cloak (worn)
Wands
 i - a wand of iceblast (9)
 s - a wand of paralysis (12)
Scrolls
 j - 3 scrolls of revelation
 m - 2 scrolls of fear
 o - a scroll of enchant armour
 q - 4 scrolls of fog
 v - a scroll of enchant weapon
 w - a scroll of identify
Potions
 f - 4 potions of curing {unknown}
 g - 3 potions of brilliance {unknown}
 h - 4 potions of attraction {unknown}
 l - 2 potions of enlightenment {unknown}
 n - a potion of lignification {unknown}
 p - a potion of degeneration {unknown}
 r - 2 potions of invisibility {unknown}
 u - a potion of magic {unknown}


   Skills:
 + Level 3.9 Fighting
 * Level 5.3 Short Blades
 - Level 2.0 Throwing
 + Level 1.0 Armour
 + Level 3.2 Dodging
 - Level 7.0 Stealth


You had 7 spell levels left.
You didn't know any spells.
Your spell library contained the following spells:

 Spells                   Type           Power      Damage    Failure   Level
 Call Imp                 Summ           0%         N/A       47%         2
 Sublimation of Blood     Necr           0%         N/A       47%         2
 Brom's Barrelling Bould  Conj/Erth      0%         2d3       98%         4
 Fireball                 Conj/Fire      0%         3d3       100%        5
 Iskenderun's Battlesphe  Conj           0%         2d6       100%        5
 Conjure Ball Lightning   Conj/Air       0%         3x3d6     100%        6
 Orb of Destruction       Conj           0%         9d5       100%        7
 Summon Hydra             Summ           0%         N/A       100%        7


Dungeon Overview and Level Annotations

Branches:
Dungeon (8/15)               Lair (0/5) D:8
 Temple: D:4-7

Altars:
Kikubaaqudgha
Uskayaw
Wu Jian
Xom
Zin

Shops:
D:8 ?*=*(


Innate Abilities, Weirdness & Mutations

You have razor-sharp teeth.
Your natural rate of healing is unusually fast.
When hurt, damage is shared between your health and your magic reserves.
Your bite disrupts and absorbs the magic of your enemies.
Potions cannot restore your health.


Message History

You see here a +0 flail.
Found a morningstar.
You see here a +0 morningstar. 2 wights come into view.
Found a stone staircase leading up.
A steam dragon comes into view.
The wight attacks as it pursues you! The wight hits you with a +5 battleaxe!
You feel drained.
You closely miss the wight. You bite the wight. You drain its power.
You feel invigorated.
The wight is lightly damaged.
The wight closely misses you.
You hit the wight but do no damage. You bite the wight. You drain its power.
The wight is moderately damaged.
You hit the wight but do no damage. You bite the wight, but do no damage.
The wight is moderately damaged.
The wight closely misses you.
You closely miss the wight. You bite the wight, but do no damage.
The wight is moderately damaged.
The wight barely misses you.
You hit the wight but do no damage. Your bite misses the wight.
The wight is moderately damaged.
The wight misses you.
You barely miss the wight.
The wight is moderately damaged.
You barely miss the wight.
The wight is moderately damaged.
The wight hits you with a +5 battleaxe.
You barely miss the wight.
The wight is moderately damaged.
The wight hits you with a +5 battleaxe!!
You feel drained.
The wight hits you from afar with a +3 spear.
* * * LOW HITPOINT WARNING * * *
You feel drained.
* * * LOW HITPOINT WARNING * * *
As you read the scroll of teleportation, it crumbles to dust.
You feel strangely unstable. The wight barely misses you.
The wight hits you from afar with a +3 spear!
You die...

...# #.# # ##.## #.#
#
#.##...####.###.##.#
#..................#
####...#####.##.####
##.## #.# #.# #.#
#.# #.# #.# #@# #.#
#z# #.#


#zDz# #.# #..<..# #.# #....... #.# #.....### #.# ##...## #.# #.#.## #.####.###.#
You could see a steam dragon and 3 wights.

Vanquished Creatures
  Edmund (D:4)
  2 ogres
  A phantom (D:4)
  A bullfrog (D:7)
  A gnoll sergeant (D:7)
  A jelly (D:7)
  A bombardier beetle (D:5)
  A sleepcap (D:7)
  3 iguanas
  Robin (D:4)
  6 adders
  8 gnolls
  A shadow imp (D:7)
  2 white imps
  4 dart slugs
  A ribbon worm (D:3)
  An orc (D:8)
  5 ball pythons
  10 endoplasms
  2 giant cockroaches
  17 goblins
  7 hobgoblins
  8 quokkas
  9 bats
  2 frilled lizards (D:3)
  6 kobolds
  5 rats
107 creatures vanquished.

Notes
Turn   | Place    | Note
-------+----------+-------------------------------------------
     0 | D:1      | Rwicked the Vine Stalker Brigand began the quest for the
                  | Orb.
     0 | D:1      | Reached XP level 1. HP: 11/11 MP: 2/2
   155 | D:1      | Reached XP level 2. HP: 15/15 MP: 3/3
   222 | D:1      | Reached skill level 1 in Dodging
   222 | D:1      | Reached skill level 5 in Stealth
   346 | D:1      | Reached XP level 3. HP: 18/18 MP: 4/4
   669 | D:1      | Found a faded altar of an unknown god.
   833 | D:2      | Reached XP level 4. HP: 20/23 MP: 3/5
  1364 | D:2      | Reached XP level 5. HP: 27/27 MP: 6/6
  2020 | D:3      | Found a shimmering altar of Xom.
  2225 | D:4      | Noticed an ogre
  2234 | D:4      | Killed an ogre
  2235 | D:4      | Reached XP level 6. HP: 14/32 MP: 2/7
  2551 | D:4      | Reached skill level 6 in Stealth
  2645 | D:4      | Found a glowing silver altar of Zin.
  2671 | D:4      | Noticed Robin
  2760 | D:4      | Killed Robin
  2822 | D:4      | Found a hide-covered altar of Uskayaw.
  2825 | D:4      | Noticed Edmund
  2829 | D:4      | Found an ornate altar of the Wu Jian Council.
  2844 | D:4      | Killed Edmund
  2845 | D:4      | Reached XP level 7. HP: 11/36 MP: 2/8
  3458 | D:5      | Entered Level 5 of the Dungeon
  3526 | D:5      | Found an ancient bone altar of Kikubaaqudgha.
  3763 | D:5      | You fall into a shaft and drop 3 floors!
  3792 | D:8      | Found Edeoshao's Antique Weapon Shoppe.
  3794 | D:8      | Found Quasu's Jewellery Shop.
  3794 | D:8      | Found Eceinoat's Assorted Antiques.
  3795 | D:8      | Found Taruth's Magic Scroll Shop.
  3795 | D:8      | Found Wuozxuo's General Store.
  3805 | D:8      | Bought a scroll of amnesia for 44 gold pieces
  3805 | D:8      | Bought a scroll of identify for 22 gold pieces
  3813 | D:8      | Bought a scroll labelled UHENEK OLIHI for 24 gold pieces
  3813 | D:8      | Bought a grey potion for 21 gold pieces
  3815 | D:8      | Bought a scroll of identify for 22 gold pieces
  3909 | D:8      | Found a staircase to the Lair.
  4010 | D:7      | Reached skill level 5 in Short Blades
  4176 | D:7      | Gained mutation: You have razor-sharp teeth. [Vine Stalker
                  | growth]
  4176 | D:7      | Reached XP level 8. HP: 42/42 MP: 9/9
  4262 | D:7      | Noticed a two-headed ogre
  4322 | D:7      | Reached skill level 1 in Armour
  4322 | D:7      | Reached skill level 7 in Stealth
  4441 | D:7      | Slain by a wight

Illustrated notes

Levels and vault maps discovered:
D:1:      dpeg_arrival_three_smaller_balls, layout_loops_cross,
          shapermc_ecumenical_altar_mp_vishouse
D:2:      wad_woods_tower, layout_basic
D:3:      layout_basic, regret_index_xom_buried_treasure
D:4:      layout_gridville, zin_treasury, mainiacjoe_overflow_catwalk_spiral,
          serial_co_window_serial, co_window_paths_a, co_window_paths_b,
          co_window_paths_b, co_window_paths_b, co_window_cross_1,
          co_window_paths_a, co_window_cross_2, co_window_broadway_b,
          co_window_unsneaky_path_b, co_window_of_opportunity_c,
          co_window_unsneaky_path_b, co_window_paths_d, co_window_4corner_a,
          glass_columns_b, glass_columns_b, glass_columns_b, glass_columns_a,
          chequers_mini_garden, uniq_robin, uniq_edmund
D:5:      layout_basic, kiku_gazebo_pond_becter
D:7:      layout_loops_ring, lemuel_round_altar, temple_green, moated_statue,
          uniq_maurice, uniq_maggie
D:8:      minmay_general_purpose_star, layout_basic, lair_entry_dummy,
          corexii_leaking_fountain, nicolae_wooded_promenade,
          nicolae_shop_self_help

Skill      XL: |  1  2  3  4  5  6  7  8 |
---------------+-------------------------+-----
Short Blades   | 2 3 4 5 |  5.3
Throwing       | 2 |  2.0
Dodging        | 1 2 3 |  3.2
Stealth        | 5 6 7 |  7.0
Fighting       | 2 3 |  3.9
Armour         | 1 |  1.0

Action                     |  1- 3 |  4- 6 |  7- 9 || total
---------------------------+-------+-------+-------++-------
  Melee: Dagger            |    62 |   165 |   111 ||   338
         Bite              |    20 |    51 |    50 ||   121
         Punch             |     2 |     3 |       ||     5
  Throw: Dart              |       |     6 |     3 ||     9
    Use: Scroll            |       |     8 |     5 ||    13
   Stab: Sleeping          |     8 |    19 |     5 ||    32
         Distracted        |       |     1 |       ||     1
 Armour: Robe              |    29 |    80 |    39 ||   148
  Dodge: Dodged            |    35 |    66 |    56 ||   157
